Map: Kairos Junction LE

Players

Jeremy - Winner!

  • Race: Zerg Zerg
  • League: Master
  • Spawn Location: 11:00

RodBarajas

  • Race: Terran Terran
  • League: Diamond
  • Spawn Location: 5:00

VOD

Have the link to the VOD?

Description

Time

  • Played on: Feb. 23, 2019, 3:22 p.m.
  • Length: 17:33
Show
View Real Time Build Order
Export as new Build Order

Jeremy Zerg - Winner!

Build Orders: Hatch First 

Get SALT Encoding   

  12  0:01  Drone  
  13  0:13  Overlord  
  13  0:18  Drone  
  14  0:31  Drone  
  14  0:32  Drone  
  16  0:50  Hatchery  
  16  0:54  Drone  
  16  0:56  Drone  
  17  1:01  Drone  
  18  1:10  Extractor  
  17  1:17  Spawning Pool  
  16  1:22  Drone  
  16  1:23  Drone  
  18  1:29  Drone  
  19  1:41  Drone  
  20  1:51  Drone  
  21  2:05  Queen x2  
  21  2:06  Zergling x4  
  27  2:20  Hatchery  
  26  2:30  Overlord  
  26  2:36  Metabolic Boost  
  26  2:37  Drone  
  26  2:45  Queen  
  28  2:52  Drone x3  
  28  2:55  Drone  
  28  2:58  Drone  
  33  3:02  Overlord  
  33  3:13  Drone x2  
  35  3:28  Drone x4  
  35  3:29  Drone, Queen  
  35  3:32  Queen  
  44  3:38  Overlord  
  44  3:44  Drone x3  
  47  4:01  Zergling x8  
  47  4:02  Zergling x4  
  53  4:20  Queen  
  53  4:21  Queen  
  57  4:26  Baneling Nest, Spore Crawler  
  57  4:28  Spore Crawler  
  57  4:29  Drone x4  
  58  4:38  Overlord x2  
  58  4:43  Spore Crawler  
  57  4:46  Overlord  
  57  4:55  Drone  
  57  4:56  Overlord  
  51  5:09  Drone  
  51  5:10  Drone x14  
  65  5:23  Overlord  
  65  5:26  Overlord  
  65  5:30  Extractor  
  65  5:31  Extractor  
  65  5:34  Evolution Chamber x2, Queen  
  63  5:41  Drone x3  
  63  5:42  Overlord x2  
  66  5:44  Extractor  
  66  5:45  Extractor  
  65  5:50  Zergling x10  
  52  6:19  Drone x2  
  52  6:20  Drone  
  52  6:21  Overlord, Drone x3  
  58  6:27  Overlord  
  58  6:31  Lair  
  58  6:32  Drone x5  
  63  6:33  Drone  
  64  6:41  Zerg Missile Weapons Level 1, Zerg Ground Armor Level 1  
  64  6:52  Extractor  
  63  6:56  Hatchery, Drone x3  
  63  6:58  Drone x3  
  63  6:59  Drone  
  63  7:00  Drone x2  
  71  7:01  Drone  
  71  7:02  Drone x2  
  74  7:10  Overlord  
  74  7:14  Overlord x2  
  74  7:22  Overlord  
  74  7:30  Hydralisk Den  
  74  7:31  Centrifical Hooks  
  74  7:33  Infestation Pit  
  74  7:34  Zergling x18  
  81  7:42  Drone  
  83  7:44  Drone  
  83  7:45  Drone x2  
  83  7:50  Evolution Chamber  
  84  7:51  Overseer  
  84  7:52  Spine Crawler, Overseer  
  84  7:57  Evolution Chamber  
  82  8:00  Hydralisk x4, Grooved Spines  
  82  8:01  Hydralisk x3  
  96  8:05  Drone  
  96  8:06  Drone  
  96  8:08  Overlord  
  96  8:09  Overlord  
  96  8:11  Overseer  
  98  8:12  Overseer  
  98  8:16  Overlord  
  98  8:17  Hydralisk x3  
  104  8:35  Hydralisk x2  
  104  8:38  Hive  
  104  8:40  Hydralisk x3, Pneumatized Carapace  
  114  8:43  Overlord  
  114  8:51  Overlord  
  114  8:55  Hatchery  
  114  8:57  Spore Crawler  
  114  8:58  Spore Crawler  
  114  8:59  Spore Crawler  
  114  9:00  Spore Crawler  
  114  9:02  Spore Crawler  
  108  9:06  Baneling x7  
  108  9:07  Baneling x2, Spore Crawler  
  108  9:09  Hydralisk  
  109  9:12  Muscular Augments  
  109  9:15  Overlord x2  
  109  9:19  Hydralisk  
  111  9:24  Overlord  
  111  9:26  Hydralisk x2  
  106  9:55  Hydralisk x10  
  117  10:14  Viper x3  
  126  10:23  Hydralisk x3  
  132  10:32  Hydralisk x3  
  138  10:41  Zerg Missile Weapons Level 2  
  138  10:44  Hatchery  
  138  10:48  Drone x6  
  143  10:51  Overseer  
  143  10:58  Zerg Ground Armor Level 2  
  143  11:17  Hydralisk  
  143  11:18  Hydralisk x5  
  140  11:35  Viper  
  129  11:48  Viper  
  129  11:50  Zergling x28  
  129  11:51  Zergling x2  
  147  12:06  Hatchery  
  146  12:08  Viper  
  149  12:27  Baneling  
  149  12:28  Baneling x19  
  149  12:29  Baneling x3  
  130  13:02  Overlord  
  130  13:10  Zerg Missile Weapons Level 3  
  130  13:11  Hydralisk x10  
  150  13:18  Drone x6, Spine Crawler  
  150  13:19  Spine Crawler  
  154  13:20  Spine Crawler  
  154  13:21  Drone x4  
  154  13:22  Drone  
  154  13:26  Viper  
  161  13:37  Overlord x4  
  161  13:38  Overlord x2  
  161  13:42  Zerg Ground Armor Level 3  
  161  13:47  Extractor  
  160  13:50  Extractor  
  138  14:29  Hydralisk  
  138  14:30  Hydralisk x14  
  167  14:35  Overseer  
  167  14:52  Viper  
  167  14:55  Viper  
  173  15:01  Hydralisk x2  
  177  15:07  Hatchery  
  177  15:08  Extractor  
  175  15:21  Viper  
  177  15:38  Overseer  
  177  15:39  Overseer  
  177  16:00  Hatchery  
  176  16:06  Hydralisk x5  
  176  16:07  Hydralisk x4  
  194  16:12  Hatchery  
  172  16:46  Hydralisk x2  
  155  17:09  Hydralisk x4  
Show
View Real Time Build Order
Export as new Build Order

RodBarajas Terran 

Build Orders: Reaper Expand, Hellion Banshee 

Get SALT Encoding   

  12  0:00  SCV  
  13  0:12  SCV  
  14  0:17  Supply Depot  
  14  0:25  SCV  
  15  0:38  SCV  
  15  0:40  Barracks  
  16  0:43  Refinery  
  16  0:50  SCV  
  17  1:02  SCV  
  18  1:14  SCV  
  19  1:26  Orbital Command  
  19  1:27  Reaper  
  20  1:44  Command Center  
  20  1:51  Supply Depot  
  20  1:55  SCV  
  20  2:00  Marine  
  22  2:07  SCV  
  23  2:15  Factory  
  23  2:19  SCV  
  23  2:21  Barracks Reactor  
  23  2:22  Refinery  
  24  2:31  SCV  
  25  2:44  SCV  
  26  2:55  Orbital Command  
  26  2:59  Armory  
  26  3:01  Starport  
  26  3:06  SCV  
  26  3:09  Barracks Tech Lab  
  26  3:10  Hellion x2  
  31  3:19  SCV  
  32  3:22  SCV  
  33  3:27  Supply Depot  
  33  3:31  Hellion x2  
  33  3:34  SCV  
  38  3:37  SCV  
  39  3:46  SCV, Banshee  
  39  3:48  Cloaking Field  
  43  3:49  SCV  
  43  3:54  Supply Depot  
  44  3:58  SCV  
  44  4:00  Hellion  
  47  4:05  Hellion  
  47  4:07  SCV  
  50  4:11  Armory  
  50  4:12  SCV  
  51  4:19  SCV  
  51  4:21  Hellion  
  54  4:24  SCV  
  54  4:25  Supply Depot  
  54  4:26  Hellion  
  57  4:31  SCV  
  57  4:37  SCV  
  57  4:38  Banshee  
  62  4:46  SCV  
  62  4:47  Supply Depot  
  62  4:49  SCV  
  62  4:51  Supply Depot  
  64  4:55  Hellion x2  
  64  4:58  SCV  
  69  5:01  SCV  
  68  5:10  SCV  
  68  5:13  SCV  
  63  5:17  Refinery  
  63  5:19  Refinery  
  63  5:21  Banshee, Hellion x2  
  70  5:23  SCV, Command Center  
  70  5:25  SCV  
  72  5:33  Supply Depot  
  72  5:35  SCV  
  73  5:37  SCV  
  73  5:39  Barracks Tech Lab  
  73  5:42  Factory  
  74  5:47  SCV  
  74  5:49  SCV  
  76  5:58  Hellion x2  
  76  5:59  SCV  
  79  6:11  Banshee  
  65  6:19  Hellion x2  
  65  6:24  Factory x2  
  65  6:25  SCV x2  
  71  6:30  Supply Depot x2, Terran Vehicle Weapons Level 1  
  71  6:37  SCV  
  72  6:46  Cyclone, Barracks Tech Lab  
  75  6:48  SCV, Mag-Field Accelerator  
  75  6:49  SCV  
  75  6:51  Orbital Command  
  75  6:52  Supply Depot  
  75  6:53  Supply Depot, Hellion x2  
  81  6:56  Banshee  
  81  7:00  SCV  
  85  7:01  SCV  
  86  7:09  Orbital Command  
  86  7:13  SCV x2, Factory Tech Lab  
  86  7:15  Hellion x2  
  92  7:18  Cyclone  
  95  7:23  Cyclone  
  95  7:25  SCV  
  99  7:34  Cyclone  
  99  7:35  SCV x2  
  105  7:37  SCV  
  105  7:42  Hellion x2  
  105  7:43  Viking  
  111  7:47  SCV x2  
  111  7:49  Starport  
  111  7:51  Starport  
  113  7:54  Cyclone  
  113  7:55  Cyclone  
  119  7:58  Engineering Bay  
  119  8:00  Supply Depot  
  119  8:02  Supply Depot  
  119  8:03  SCV x2  
  119  8:04  SCV  
  119  8:05  Refinery  
  122  8:06  Cyclone  
  122  8:07  Refinery  
  122  8:08  Liberator, Hellion x2  
  129  8:26  Cyclone  
  135  8:28  Siege Tank  
  138  8:34  Starport Reactor  
  138  8:43  Supply Depot x2  
  138  8:46  Hellion x3  
  144  8:57  Command Center  
  144  8:58  Hellion  
  146  9:08  Cyclone x2  
  146  9:09  Hellion  
  156  9:10  Hellion, Starport Reactor  
  156  9:19  Cyclone  
  156  9:20  Viking x3  
  165  9:30  Command Center  
  165  9:31  Hellion  
  167  9:38  Supply Depot x2  
  167  9:40  Cyclone x2  
  171  9:51  Cyclone  
  169  9:54  Refinery  
  169  9:55  Refinery  
  157  10:03  Hellion x2  
  156  10:12  Cyclone  
  156  10:13  Cyclone  
  158  10:17  Viking x4  
  158  10:18  Viking  
  168  10:23  Cyclone  
  168  10:25  Hellion x2  
  175  10:31  Planetary Fortress  
  175  10:39  SCV x3  
  178  10:48  Hellion x3, Siege Tank  
  187  10:53  Viking x3  
  187  10:55  Cyclone  
  196  10:57  Terran Vehicle Weapons Level 2  
  196  11:09  Cyclone  
  197  11:20  Viking  
  168  11:36  Cyclone  
  168  11:37  Cyclone  
  172  11:47  Hellion x3  
  176  11:52  Viking x2  
  180  12:04  Liberator x3  
  180  12:08  Hellion x3, Command Center  
  186  12:09  Hellion  
  188  12:17  Command Center  
  187  12:29  Hellion  
  191  12:30  Hellion  
  191  12:34  Factory  
  191  12:35  Factory  
  191  12:36  Factory  
  185  12:41  Liberator x2  
  183  12:47  Liberator  
  164  12:51  Cyclone x2  
  164  12:53  Hellion  
  164  12:57  Hellion x2  
  161  13:05  Armory  
  164  13:07  SCV x3  
  164  13:09  Planetary Fortress  
  167  13:14  Hellion  
  169  13:22  Refinery  
  169  13:23  Refinery  
  169  13:29  Factory Tech Lab x3  
  169  13:30  Fusion Core  
  169  13:31  Cyclone x3  
  178  13:45  Planetary Fortress  
  178  13:47  Planetary Fortress  
  176  14:03  Cyclone  
  170  14:10  Liberator x5  
  155  14:19  Hellion x4  
  155  14:20  Hellion x2  
  142  14:24  Cyclone  
  152  14:35  Cyclone  
  151  14:40  Refinery, Cyclone  
  151  14:41  Refinery, Cyclone x3  
  163  14:56  Cyclone  
  166  15:03  Hellion x2  
  170  15:07  Cyclone  
  170  15:13  Hellion x3  
  179  15:14  Advanced Ballistics  
  179  15:18  Terran Vehicle And Ship Armor Level 1  
  179  15:38  Hellion x3  
  179  15:39  Hellion x2  
  189  15:55  Viking  
  189  15:56  Viking x4  
  199  16:15  Command Center  
  161  16:45  Cyclone x5  
  161  16:46  Cyclone  
  142  17:00  Hellion x2  
Tags
 
Add a new tag
Caveats
  • Supply blocks, unpowered buildings, or Contaminate may cause inaccurate times.
  • Supply counts are checked every 10 seconds.